 Dungeon Crawl Stone Soup version 0.31-a0-236-g9a0961fb85 (webtiles) character file.

Game seed: 2455068934666556505

86 BubbleThief the Insei (level 4, -1/30 HPs)
             Began as an Octopode Transmuter on July 11, 2023.
             Slain by an ice beast (10 damage)
             ... on level 3 of the Dungeon.
             The game lasted 00:02:18 (1413 turns).

BubbleThief the Insei (Octopode Transmuter)         Turns: 1413, Time: 00:02:19

Health: -1/30      AC:  1    Str: 11    XL:     4   Next: 50%
Magic:  5/7        EV: 13    Int: 15    God:
Gold:   107        SH:  0    Dex: 12    Spells: 4/7 levels left

rFire   . .          .
                       - Unarmed
rCold   . . .        (no shield)
rNeg    . . .        (helmet currently unavailable)
rPois   .            d - amulet of regeneration
rElec   .            (no ring)
rCorr   .            (no ring)
SInv    .            (no ring)
Will    .....        (no ring)
Stlth   ++           (no ring)
HPRegen 1.05/turn    (no ring)
MPRegen 0.10/turn    (no ring)
                     (no ring)

%: no passive effects
@: appendages (expiring), wereblooded
A: tentacle spike 3, almost no armour, amphibious, 8 rings, camouflage 1,
gelatinous body 1, (nimble swimmer 1), tentacles
a: End Transformation


You were on level 3 of the Dungeon.
One of your tentacles had grown a beastly spike.
You visited 1 branch of the dungeon, and saw 3 of its levels.

You collected 107 gold pieces.

Inventory:

Jewellery
 d - an amulet of regeneration (around mantle)
Scrolls
 b - 3 scrolls of teleportation {unknown}
 e - 2 scrolls of identify {unknown}
 j - a scroll of immolation {unknown}
 k - a scroll of acquirement {unknown}
 m - 2 scrolls of fog {unknown}
Potions
 a - 2 potions of lignification
 c - 3 potions of brilliance {unknown}
 f - a potion of degeneration {unknown}
 g - a potion of curing {unknown}
 h - a potion of berserk rage {unknown}
 i - a potion of ambrosia {unknown}
 l - a potion of haste {unknown}


   Skills:
 + Level 2.5 Fighting
 - Level 2.0 Dodging
 + Level 3.8 Unarmed Combat
 - Level 2.0 Spellcasting
 + Level 3.0 Transmutations


You had 4 spell levels left.
You knew the following spells:

 Your Spells              Type           Power      Damage    Failure   Level
a - Beastly Appendage     Tmut           20%        N/A       6%          1
b - Wereblood             Tmut           10%        N/A       10%         2

Your spell library contained the following spells:

 Spells                   Type           Power      Damage    Failure   Level
 Sublimation of Blood     Necr           1%         N/A       32%         2
 Spider Form              Tmut/Pois      6%         N/A       34%         3
 Ice Form                 Ice/Tmut       6%         N/A       75%         4
 Leda's Liquefaction      Hex/Erth       0%         N/A       91%         4
 Lee's Rapid Deconstruct  Erth           0%         3d4*      99%         5
 Leda's Unmaking          Conj/Erth      0%         9d1       100%        6
 Statue Form              Tmut/Erth      4%         N/A       100%        6
 Summon Hydra             Summ           0%         N/A       100%        7


Dungeon Overview and Level Annotations

Branches:
Dungeon (3/15)

Altars:
Vehumet


Innate Abilities, Weirdness & Mutations

One of your tentacles has grown a beastly spike.
You cannot wear most types of armour.
You are amphibious.
You can wear up to eight rings at the same time.
Your skin changes colour to match your surroundings (Stealth+).
Your rubbery body absorbs attacks. (AC +1, EV +1)
((You are camouflaged when in or above water. (Stealth+)))
You have tentacles for arms and can constrict up to eight enemies at once.


Message History

You tentacle-slap the ice beast but do no damage.
You pierce the ice beast.
Your squeeze misses the ice beast.
The ice beast is heavily wounded.
The ice beast hits you. The ice beast freezes you!
You closely miss the ice beast.
Your tentacle spike misses the ice beast.
The ice beast is heavily wounded.
The ice beast barely misses you.
You tentacle-slap the ice beast but do no damage.
You squeeze the ice beast.
The ice beast is heavily wounded.
Your transformation is almost over.
The ice beast hits you. The ice beast freezes you.
* * * LOW HITPOINT WARNING * * *
You barely miss the ice beast.
You pierce the ice beast.
The ice beast is severely wounded.
The ice beast closely misses you.
You tentacle-slap the ice beast but do no damage.
The ice beast is severely wounded.
The ice beast completely misses you.
You tentacle-slap the ice beast.
Your tentacle spike misses the ice beast.
The ice beast is severely wounded.
You tentacle-slap the ice beast but do no damage.
Your tentacle spike misses the ice beast.
The ice beast is severely wounded.
The ice beast completely misses you.
You closely miss the ice beast.
The ice beast is severely wounded.
The ice beast misses you.
You barely miss the ice beast.
The ice beast is severely wounded.
The ice beast barely misses you.
You tentacle-slap the ice beast.
Your tentacle spike misses the ice beast.
The ice beast is almost dead.
The ice beast hits you.
* * * LOW HITPOINT WARNING * * *
The ice beast freezes you!
You die...

#.#
#####.#'##
#.# #.#Y#
#.# #.#.#
#.# #[#.#
#.# #.#?#
#.# #.#.#
#.# #.#.#
#.########.#
#....@Y....#
############


You could see an ice beast.

Vanquished Creatures
  4 gnolls (D:3)
  An adder (D:2)
  2 bats (D:2)
  7 endoplasms
  3 giant cockroaches
  2 goblins
  4 hobgoblins
  4 jackals (D:3)
  A quokka (D:3)
  2 ball pythons (D:3)
  3 kobolds
  2 rats
35 creatures vanquished.

Notes
Turn   | Place    | Note
-------+----------+-------------------------------------------
     0 | D:1      | BubbleThief the Octopode Transmuter began the quest for the
                  | Orb.
     0 | D:1      | Reached XP level 1. HP: 13/13 MP: 3/3
   319 | D:1      | Reached XP level 2. HP: 18/18 MP: 3/5
   351 | D:1      | Found a faded altar of an unknown god.
   745 | D:2      | Learned a level 2 spell: Wereblood
   757 | D:2      | Reached XP level 3. HP: 24/24 MP: 6/6
   786 | D:2      | Found a radiant altar of Vehumet.
  1149 | D:3      | Reached XP level 4. HP: 12/30 MP: 4/7
  1384 | D:3      | Noticed an ice beast
  1413 | D:3      | Slain by an ice beast

Illustrated notes

Levels and vault maps discovered:
D:1:      dpeg_arrival_prison, layout_basic,
          shapermc_ecumenical_altar_starsandcircs
D:2:      layout_basic, basic_altar
D:3:      layout_basic, mainiacjoe_overflow_catwalk

Skill      XL: |  1  2  3  4 |
---------------+-------------+-----
Fighting       | 2 |  2.5
Transmutations | 3 |  3.0
Dodging        | |  2.0
Unarmed Combat | |  3.8
Spellcasting   | |  2.0

Action                     |  1- 3 |  4- 6 || total
---------------------------+-------+-------++-------
  Melee: Unarmed           |    59 |    29 ||    88
         Kick              |    12 |     4 ||    16
         Constrict         |    14 |     2 ||    16
         Punch             |     3 |     1 ||     4
         Tentacles         |     9 |     3 ||    12
   Cast: Beastly Appendage |    15 |     2 ||    17
         Wereblood         |     1 |     1 ||     2
   Stab: Sleeping          |     6 |     1 ||     7
 Armour: Skin              |     3 |     2 ||     5
  Dodge: Dodged            |    37 |    15 ||    52

Table legend: (Time is in decaauts)
 A = Elapsed time spent in this place.
 B = Non-inter-level travel time spent in this place.
 C = Inter-level travel time spent in this place.
 D = Time resting spent in this place.
 E = Time spent auto-exploring this place.
 F = Levels seen in this place.
 G = Mean time per level.
                   A        B        C        D        E       F      G
               +--------+--------+--------+--------+--------+-----+--------+
         Total |   1406 |   1354 |     52 |      0 |   1079 |   3 |  468.7 |
       Dungeon |   1406 |   1354 |     52 |      0 |   1079 |   3 |  468.7 |
               +--------+--------+--------+--------+--------+-----+--------+

Top non-repeatable levels by time:
     D:1: 686 daAuts
     D:2: 426 daAuts
     D:3: 293 daAuts
